Map: Dusk Towers

Players

LilDicky - Winner!

  • Race: Terran Terran
  • League: Diamond

Drunkprobe

  • Race: Protoss Protoss
  • League: Platinum

VOD

http://www.twitch.tv/tumescentpie

Description

Time

  • Played on: Nov. 29, 2015, 1:52 p.m.
  • Length: 6:33
Show
View Real Time Build Order
Export as new Build Order

LilDicky Terran - Winner!

Build Orders: MMM Bio 

Get SALT Encoding   

  12  0:01  SCV  
  13  0:13  SCV  
  14  0:18  Supply Depot  
  14  0:25  SCV  
  15  0:30  Refinery  
  15  0:39  SCV  
  16  0:45  Barracks  
  16  0:54  SCV  
  17  1:06  SCV  
  18  1:35  Factory  
  18  1:39  Marine  
  19  1:41  Supply Depot  
  19  1:42  Orbital Command  
  19  1:57  Marine  
  20  2:09  SCV, Barracks  
  20  2:11  Barracks  
  21  2:15  Barracks Reactor  
  21  2:21  SCV  
  22  2:22  Refinery  
  22  2:40  Widow Mine  
  22  2:42  SCV  
  25  2:47  Supply Depot  
  25  2:54  SCV  
  25  2:58  Barracks Tech Lab  
  25  3:00  Barracks Tech Lab, Marine x2  
  27  3:08  SCV  
  27  3:09  Widow Mine  
  30  3:20  Marine x2  
  30  3:23  Combat Shields, Stimpack  
  30  3:24  Marine  
  30  3:25  Marine  
  34  3:32  Supply Depot  
  32  3:57  Marauder  
  32  4:00  Marauder, Marine x2  
  32  4:01  SCV  
  37  4:12  Starport  
  37  4:18  Marine x2  
  37  4:19  SCV, Marauder  
  37  4:21  Marauder  
  44  4:28  Supply Depot  
  44  4:41  SCV  
  44  4:42  Marine x2  
  44  4:44  Concussive Shells  
  47  4:50  Marauder x2  
  51  4:53  Supply Depot  
  51  4:55  Medivac  
  53  5:12  Marauder  
  55  5:14  Marine x2  
  55  5:15  Marauder  
  55  5:20  Widow Mine  
  61  5:22  SCV  
  61  5:27  Supply Depot, Medivac  
  64  5:34  SCV  
  62  5:43  Marine  
  62  5:44  Marauder  
Show
View Real Time Build Order
Export as new Build Order

Drunkprobe Protoss 

Build Orders:  

Get SALT Encoding   

  12  0:01  Probe (Chrono Boost)  
  13  0:11  Probe (Chrono Boost)  
  14  0:18  Pylon  
  14  0:22  Probe (Chrono Boost)  
  15  0:36  Probe (Chrono Boost)  
  15  0:38  Gateway  
  15  0:42  Assimilator  
  16  0:47  Probe (Chrono Boost)  
  17  0:58  Probe (Chrono Boost)  
  18  1:06  Pylon  
  18  1:08  Probe (Chrono Boost)  
  19  1:19  Probe (Chrono Boost)  
  20  1:27  Cybernetics Core  
  20  1:31  Probe (Chrono Boost)  
  21  1:48  Nexus  
  21  2:00  Assimilator  
  20  2:11  Mothership Core (Chrono Boost)  
  20  2:12  Warp Gate  
  20  2:15  Adept  
  24  2:20  Pylon  
  25  2:30  Probe (Chrono Boost)  
  25  2:40  Probe (Chrono Boost)  
  25  2:43  Robotics Facility  
  26  3:07  Adept  
  28  3:17  Pylon  
  28  3:32  Observer (Chrono Boost)  
  29  3:38  Gateway  
  29  3:40  Gateway, Pylon  
  29  4:10  Probe  
  29  4:13  Warp Prism (Chrono Boost)  
  32  4:17  Assimilator  
  32  4:19  Probe  
  32  4:22  Probe, Assimilator  
  34  4:37  Gateway  
  34  4:39  Gateway  
  34  4:45  Adept  
  36  4:48  Adept  
  38  5:02  Probe  
  38  5:03  Probe  
  40  5:13  Probe  
  40  5:14  Twilight Council  
  40  5:15  Probe  
  42  5:23  Stalker x2  
  46  5:42  Stalker  
  48  5:43  Zealot  
  50  5:56  Stalker  
  50  5:57  Stalker  
  46  6:18  Stalker x3  
  46  6:29  Adept  
Tags
 
Add a new tag
Caveats
  • Supply blocks, unpowered buildings, or Contaminate may cause inaccurate times.
  • Supply counts are checked every 10 seconds.